 Dungeon Crawl Stone Soup version 0.29-a0-221-gceb61267dd (webtiles) character file.

Game seed: 5813325415812041237

4903 drugrobin the Cleaver (level 10, -12/74 HPs)
             Began as a Demigod Fighter on Feb 27, 2022.
             Mangled by a wolf spider simulacrum (24 damage)
             ... on level 8 of the Dungeon.
             The game lasted 00:22:00 (9814 turns).

drugrobin the Cleaver (Demigod Fighter)             Turns: 9814, Time: 00:22:03

Health: -12/74     AC: 15    Str: 29      XL:     10   Next: 6%
Magic:  13/13      EV: 10    Int: 15 (16) God:
Gold:   270        SH:  0    Dex: 13      Spells: 9/9 levels left

rFire   . . .      SeeInvis .   x - +1 battleaxe (distort)
rCold   . . .      Faith    .   (shield currently unavailable)
rNeg    . . .      Spirit   .   s - +0 swamp dragon scales
rPois   +          Reflect  .   C - +1 helmet
rElec   .          Harm     .   q - +0 cloak
rCorr   .          Rampage  .   (no gloves)
Will    +....                   (no boots)
Stlth   +.........              K - amulet of the acrobat
HPRegen 0.22/turn               o - +6 ring of intelligence
MPRegen 0.13/turn               r - +4 ring of protection

@: about to teleport
A: high MP 1, forlorn, divine attributes, deterioration 1
a: no special abilities


You were on level 8 of the Dungeon.
You visited 1 branch of the dungeon, and saw 8 of its levels.

You collected 384 gold pieces.
You spent 114 gold pieces at shops.

Inventory:

Hand Weapons
 x - a +1 battleaxe of distortion (weapon)
 D - a +2 dagger of venom
Missiles
 k - 7 poisoned darts
 t - 4 datura-tipped darts
 A - 2 throwing nets
 G - 3 boomerangs (quivered)
 M - 2 curare-tipped darts
Armour
 g - a +2 chain mail of willpower
 h - a scarf of resistance
 m - a +0 scale mail
 q - a +0 cloak (worn)
 s - +0 swamp dragon scales (worn)
 v - the +1 plate armour "Feafotu" {SInv}
   (You found it on level 5 of the Dungeon)

   SInv:      It lets you see invisible.
 C - a +1 helmet (worn)
Jewellery
 o - a +6 ring of intelligence (left hand)
 r - a +4 ring of protection (right hand)
 E - a ring of protection from fire
 K - an amulet of the acrobat (around neck)
Wands
 a - a wand of iceblast (35)
 F - a wand of polymorph (23)
 J - a wand of flame (46)
 L - a wand of mindburst (14)
Scrolls
 f - a scroll of enchant weapon {unknown}
 i - 3 scrolls of identify {unknown}
 l - a scroll of magic mapping {unknown}
 n - a scroll of noise {unknown}
 u - a scroll of acquirement {unknown}
 y - 2 scrolls of teleportation
Potions
 b - a potion of flight {unknown}
 c - a potion of resistance
 d - a potion of might
 e - 6 potions of curing
 j - 3 potions of heal wounds {unknown}
 p - 3 potions of brilliance
 w - a potion of attraction {unknown}
 z - a potion of degeneration
 B - 2 potions of ambrosia {unknown}
 H - 2 potions of cancellation {unknown}
 I - 2 potions of haste {unknown}


   Skills:
 - Level 2.7 Fighting
 + Level 13.9 Axes
 - Level 2.7 Armour
 - Level 2.7 Shields


You had 9 spell levels left.
You didn't know any spells.
Your spell library contained the following spells:

 Spells                   Type           Power      Damage    Failure   Level
 Animate Skeleton         Necr           0%         N/A       36%         1
 Apportation              Tloc           0%         N/A       36%         1
 Magic Dart               Conj           0%         1d3       36%         1
 Pain                     Necr           0%         1d4       36%         1
 Summon Small Mammal      Summ           0%         N/A       36%         1
 Call Imp                 Summ           0%         N/A       50%         2
 Searing Ray              Conj           0%         2d4       50%         2
 Confusing Touch          Hex            0%         N/A       75%         3
 Mephitic Cloud           Conj/Pois/Air  0%         N/A       75%         3
 Vampiric Draining        Necr           0%         2d6       75%         3
 Fulminant Prism          Conj/Hex       0%         3d6       98%         4
 Yara's Violent Unravell  Hex/Tmut       0%         3d3       100%        5
 Enfeeble                 Hex            0%         N/A       100%        7


Dungeon Overview and Level Annotations

Branches:
Dungeon (8/15)             Temple (0/1) D:4
   Lair: D:8-11

Shops:
D:5 *

Annotations:
D:8 1 transporter


Innate Abilities, Weirdness & Mutations

You have an increased reservoir of magic. (+10% MP)
You shall have no god before yourself.
Your divine heritage dramatically boosts your attributes as you level up.
Your body sometimes deteriorates upon taking damage.


Message History

The water moccasin is almost dead.
The water moccasin barely misses you. x2
You slice the water moccasin!!
You kill the water moccasin!
a - a wand of iceblast (35) (gained 8 charges)
Found a stone staircase leading up.
Found a transporter.
Unknown command.
Unknown command.
F - a wand of polymorph (23) (gained 13 charges)
H - 2 yellow potions (gained 1)
Found a potion of resistance.
There is a transporter here.
There is a transporter here.
You enter the transporter and appear at another place.
Unknown command.
c - a potion of resistance You open the gate.
A wolf spider simulacrum and 2 ice beasts come into view.
Found four items.
Found a transporter.
You barely miss the wolf spider simulacrum.
You hit the ice beast.
Space warps around the ice beast.
The wolf spider simulacrum hits you but does no damage.
The wolf spider simulacrum bites you. The wolf spider simulacrum freezes you!
Your body deteriorates!
You feel dopey. The wolf spider simulacrum hits you!
The wolf spider simulacrum freezes you!
The wolf spider simulacrum bites you but does no damage.
The ice beast barely misses you.
Okay, then.
The wolf spider simulacrum hits you! The wolf spider simulacrum freezes you!
* * * LOW HITPOINT WARNING * * *
The wolf spider simulacrum barely misses you.
There is a transporter landing site, spattered with blood here.
As you read the scroll of teleportation, it crumbles to dust.
You feel strangely unstable.
The wolf spider simulacrum hits you but does no damage.
The wolf spider simulacrum bites you.
* * * LOW HITPOINT WARNING * * *
The wolf spider simulacrum freezes you!!
You die...

#..# #.##.# #........#
#..# #.##.# #........#
#..#####.##.###........#
#.....##.##.##.........#
#........##.##..©.#....
#...........###########
#...........#°○☼○°○○#
##.#.##....##○○☼°°°○#
#.#.##....##°.#@#.°#
#.#.##....##☼○.Z.°○#
#.#.##....##○○#Y#○☼#
#.#.########○☼.Y.○○#
#.#.# ###°○°### #.#.#


☼☼☼°☼○○ #.#.# #..°○○○○.○# #.#.# #°☼○○☼☼○°.# ##.#.# #○°○$?[..☼# You could see 2
ice beasts and a wolf spider simulacrum.

Vanquished Creatures
  A gargoyle (D:7)
  Maggie (D:7)
  A kobold demonologist (D:7)
  Sigmund (D:5)
  A wyvern (D:6)
  Edmund (D:4)
  Menkaure (D:7)
  Duvessa (D:4)
  2 water moccasins
  A black bear (D:5)
  3 ice beasts
  2 sky beasts
  3 necrophages (D:6)
  A centaur (D:5)
  4 ogres
  2 kobold brigands
  5 scorpions
  Dowan (D:4)
  12 killer bees
  4 wights (D:7)
  A howler monkey (D:8)
  4 hounds
  A jelly (D:7)
  3 orc priests
  4 iguanas
  Jessica (D:2)
  Terence (D:3)
  4 orc wizards
  Robin (D:4)
  4 gnolls
  6 adders
  A shadow imp (D:7)
  2 ufetubi
  A worm (D:5)
  5 dart slugs
  21 orcs
  7 ball pythons
  9 endoplasms
  6 giant cockroaches
  15 goblins
  7 hobgoblins
  3 jackals (D:1)
  5 quokkas
  5 bats
  A frilled lizard (D:2)
  14 kobolds
  8 rats
188 creatures vanquished.

Vanquished Creatures (others)
  19 fungi (D:8)
  14 plants (D:8)
33 creatures vanquished.

Grand Total: 221 creatures vanquished

Notes
Turn   | Place    | Note
-------+----------+-------------------------------------------
     0 | D:1      | drugrobin the Demigod Fighter began the quest for the Orb.
     0 | D:1      | Reached XP level 1. HP: 18/18 MP: 3/3
    39 | D:1      | Reached skill level 2 in Axes
    66 | D:1      | Reached XP level 2. HP: 14/25 MP: 4/4
   423 | D:1      | Reached skill level 3 in Axes
   664 | D:1      | Reached XP level 3. HP: 26/30 MP: 5/5
  1007 | D:2      | Noticed Jessica
  1024 | D:2      | Killed Jessica
  1117 | D:2      | Noticed Sigmund
  1145 | D:2      | Reached skill level 4 in Axes
  1369 | D:2      | Reached XP level 4. HP: 33/37 MP: 6/6
  2129 | D:3      | Noticed Terence
  2137 | D:3      | Killed Terence
  2532 | D:3      | You fall into a shaft and drop 3 floors!
  2566 | D:6      | Noticed a necrophage
  2570 | D:6      | Noticed a necrophage
  2620 | D:6      | Killed a necrophage
  2621 | D:6      | Reached skill level 5 in Axes
  2621 | D:6      | Reached XP level 5. HP: 33/42 MP: 7/7
  2627 | D:6      | Killed a necrophage
  2628 | D:6      | Reached skill level 6 in Axes
  2628 | D:6      | Reached XP level 6. HP: 33/50 MP: 8/8
  2825 | D:6      | Reached skill level 7 in Axes
  3051 | D:6      | Reached XP level 7. HP: 26/56 MP: 9/9
  3554 | D:5      | Entered Level 5 of the Dungeon
  3556 | D:5      | Identified the +1 plate armour "Feafotu" {SInv}
  3598 | D:4      | Noticed Dowan
  3721 | D:5      | Found Pempy's General Store.
  3744 | D:5      | Reached skill level 8 in Axes
  3859 | D:5      | Bought a potion of curing for 42 gold pieces
  3859 | D:5      | Bought a potion of degeneration for 14 gold pieces
  3859 | D:5      | Bought 3 poisoned darts for 16 gold pieces
  3859 | D:5      | Bought a scroll of teleportation for 42 gold pieces
  4086 | D:5      | Reached skill level 9 in Axes
  4515 | D:5      | Reached XP level 8. HP: 58/62 MP: 10/10
  4761 | D:4      | Found a staircase to the Ecumenical Temple.
  4780 | D:4      | Noticed Robin
  4796 | D:4      | Killed Robin
  4822 | D:4      | Reached skill level 10 in Axes
  4965 | D:4      | Noticed Edmund
  4977 | D:4      | Killed Edmund
  5899 | D:5      | Killed Sigmund
  6104 | D:5      | Reached skill level 11 in Axes
  6837 | D:6      | Reached XP level 9. HP: 59/68 MP: 11/11
  7041 | D:7      | Noticed a gargoyle
  7066 | D:7      | Killed a gargoyle
  7300 | D:7      | Reached skill level 12 in Axes
  7655 | D:7      | Noticed Maggie
  7665 | D:7      | Killed Maggie
  8107 | D:7      | Reached skill level 13 in Axes
  8166 | D:7      | Noticed a kobold demonologist
  8247 | D:7      | Noticed a smoke demon
  8247 | D:7      | Gained mutation: Your body sometimes deteriorates upon
                  | taking damage. [a neqoxec]
  8267 | D:7      | Noticed a hellwing
  8275 | D:7      | Killed a kobold demonologist
  8886 | D:7      | Noticed Menkaure
  8891 | D:7      | Killed Menkaure
  9100 | D:4      | Noticed Duvessa
  9108 | D:4      | Killed Duvessa
  9114 | D:4      | Killed Dowan
  9600 | D:8      | Reached XP level 10. HP: 66/74 MP: 13/13
  9792 | D:8      | Found a transporter.
  9809 | D:8      | Found a transporter.
  9814 | D:8      | Mangled by a wolf spider simulacrum

Illustrated notes

Levels and vault maps discovered:
D:1:      lightli_arrival_lavapool, layout_basic,
          hellmonk_ecumenical_altar_blasted, hex_large
D:2:      layout_loops_ring, minmay_misc_feat_four_crosses,
          kennysheep_big_empty_room, uniq_sigmund, uniq_jessica
D:3:      layout_basic, mainiacjoe_overflow_cross_hatched,
          mainiacjoe_overflow_surrounded_room, chequers_serial_rivers_micro_b,
          uniq_terence
D:4:      layout_basic, eat_drink_and_be_merry_uskayaw, roderic_lattice_a,
          minmay_bent, uniq_robin, uniq_edmund, uniq_duvessa
D:5:      layout_loops_corners, serial_shops, shop, minmay_puff
D:6:      layout_cave_pods, minmay_overflow_temple_star_hex, st_stairs_2
D:7:      layout_basic, uniq_maggie, uniq_menkaure
D:8:      gammafunk_cloud_chamber, layout_basic,
          mainiacjoe_overflow_concentric_impassable,
          nicolae_overflow_hidden_temple, grunt_lair_entry_orc_guard_hut,
          uniq_maurice

Skill      XL: |  1  2  3  4  5  6  7  8  9 |
---------------+----------------------------+-----
Axes           | 2 3 4 5 6 7 9 11 13 | 13.9
Fighting       | |  2.7
Armour         | |  2.7
Shields        | |  2.7

Action                   |  1- 3 |  4- 6 |  7- 9 | 10-12 || total
-------------------------+-------+-------+-------+-------++-------
Melee: War axe           |   115 |    97 |     1 |       ||   213
       Battleaxe         |       |       |   318 |    23 ||   341
 Fire: Hunting sling     |       |     7 |       |       ||     7
Throw: Dart              |     1 |     8 |    16 |       ||    25
       Boomerang         |       |       |     7 |     2 ||     9
  Use: Potion            |       |     1 |       |       ||     1
       Scroll            |       |       |       |     1 ||     1
Armor: Scale mail        |    12 |       |       |       ||    12
       Chain mail        |    55 |    68 |     2 |       ||   125
       Plate armour      |       |       |   124 |       ||   124
       Skin              |       |       |     7 |       ||     7
       Swamp dragon scal |       |       |    60 |    10 ||    70
Dodge: Dodged            |    41 |    28 |   125 |    26 ||   220
Block: Buckler           |    34 |    20 |       |       ||    54

Table legend: (Time is in decaauts)
 A = Elapsed time spent in this place.
 B = Non-inter-level travel time spent in this place.
 C = Inter-level travel time spent in this place.
 D = Time resting spent in this place.
 E = Time spent auto-exploring this place.
 F = Levels seen in this place.
 G = Mean time per level.
                   A        B        C        D        E       F      G
               +--------+--------+--------+--------+--------+-----+--------+
         Total |   9946 |   9433 |    513 |   2666 |   4585 |   8 | 1243.2 |
       Dungeon |   9946 |   9433 |    513 |   2666 |   4585 |   8 | 1243.2 |
               +--------+--------+--------+--------+--------+-----+--------+

Top non-repeatable levels by time:
     D:7: 1986 daAuts
     D:5: 1914 daAuts
     D:6: 1423 daAuts
     D:4: 1285 daAuts
     D:2: 1087 daAuts
     D:1: 971 daAuts
     D:3: 856 daAuts
     D:8: 420 daAuts
